 Dungeon Crawl Stone Soup version 0.29.1-15-g9cfb28693d (webtiles) character file.

Game seed: 10836149762829563006

2775 MisterFreud the Nimble (level 9, -1/41 HPs)
             Began as a Felid Berserker on Feb 28, 2023.
             Was an Elder of Trog.
             Slain by a killer bee (7 damage)
             ... on level 9 of the Dungeon.
             The game lasted 00:10:15 (10893 turns).

MisterFreud the Nimble (Felid Berserker)           Turns: 10893, Time: 00:10:15

Health: -1/41      AC:  2    Str: 13    XL:     9   Next: 42%
Magic:  10/10      EV: 26    Int:  9    God:    Trog [****..]
Gold:   393        SH:  0    Dex: 19    Spells: 8/8 levels left
                                        Lives:  0   Deaths: 2

rFire   . . .      SeeInvis +     - Unarmed
rCold   . . .      Faith    .   (shield unavailable)
rNeg    . . .      Spirit   .   (body armour unavailable)
rPois   .          Reflect  .   (helmet unavailable)
rElec   .          Harm     .   (cloak unavailable)
rCorr   .          Rampage  .   (gloves unavailable)
Will    +++..                   (boots unavailable)
Stlth   ++++......              (no amulet)
HPRegen 1.13/turn               (no ring)
MPRegen 0.12/turn               (no ring)

@: strong-willed, regenerating, quick
A: very small, claws 1, fangs 3, see invisible, speed 1, shaggy fur 2, stealthy
paws, no weapons or thrown items, no armour, multi-lived
a: Renounce Religion, Berserk, Trog's Hand, Brothers in Arms


You were on level 9 of the Dungeon.
You worshipped Trog.
Trog was greatly pleased with you.
You visited 1 branch of the dungeon, and saw 9 of its levels.
You also visited: Sewer.

You collected 393 gold pieces.

Inventory:

Wands
 a - a wand of digging (5)
 l - a wand of flame (24)
 o - a wand of paralysis (9)
 r - a wand of polymorph (8)
Scrolls
 b - a scroll of teleportation
 p - 3 scrolls of identify
 q - a scroll of butterflies
Potions
 c - 4 potions of heal wounds
 d - 2 potions of curing
 e - 2 potions of brilliance
 f - a potion of ambrosia
 g - 4 potions of haste
 h - 2 potions of mutation
 i - a potion of flight
 j - a potion of experience
 k - 3 potions of resistance
 m - 2 potions of cancellation
 n - a potion of might
 s - a potion of invisibility {unknown}


   Skills:
 - Level 6.0 Fighting
 + Level 11.9 Dodging
 + Level 9.5 Stealth
 + Level 8.0 Unarmed Combat
 - Level 5.0 Evocations


You had 8 spell levels left.
You didn't know any spells.
Your spell library was empty.

Dungeon Overview and Level Annotations

Branches:
Dungeon (9/15)             Temple (0/1) D:5           Sewer (visited)
   Lair: D:8-11         Orc: D:9-12

Altars:
Gozag
Nemelex Xobeh
Okawaru
Ru
Vehumet
Zin

Annotations:
D:7 2 transporters


Innate Abilities, Weirdness & Mutations

You have sharp claws.
You have razor-sharp teeth.
You have supernaturally acute eyesight. (SInv)
You cover ground quickly. (Speed+)
You are covered in thick fur. (AC +2)
Your paws help you pounce on unaware monsters.
You are incapable of wielding weapons or throwing items.
You cannot wear armour.
You gain extra lives every three experience levels.


Message History

Trog accepts your kill.
You feel sick. The killer bee misses you.
Your Unarmed Combat skill increases to level 8!
You claw the killer bee! You bite the killer bee.
The killer bee is heavily wounded.
You feel sick. The killer bee completely misses you.
You miss the killer bee.
The killer bee is heavily wounded.
You feel sick. The killer bee completely misses you.
The killer bee barely misses you.
You barely miss the killer bee. Your claw misses the killer bee.
The killer bee is heavily wounded.
You feel sick. The killer bee stings you. The killer bee misses you.
Your skin crawls.
You feel strong-willed.
You feel sick. The killer bee stings you. The killer bee completely misses you.
You miss the killer bee.
The killer bee is heavily wounded.
You feel sick. The killer bee closely misses you.
You completely miss the killer bee. Your claw misses the killer bee.
The killer bee is heavily wounded.
The killer bee completely misses you. The killer bee barely misses you.
You miss the killer bee.
The killer bee is heavily wounded.
You feel sick.
You are no longer poisoned.
The killer bee barely misses you. The killer bee completely misses you.
You miss the killer bee.
The killer bee is heavily wounded.
The killer bee barely misses you.
You barely miss the killer bee.
The killer bee is heavily wounded.
The killer bee stings you!
The killer bee stings you but does no damage.
You closely miss the killer bee.
The killer bee is heavily wounded.
The killer bee stings you!
* * * LOW HITPOINT WARNING * * *
The killer bee completely misses you. The killer bee stings you!
You die...

...............#........
#..............#........
#.....##.......#........
......##.......#........
########.......#........
#.......'........
#.......#........
#########y###.... #@# ..
#y# +y# #l# #.. #.. #<>
#..#


You could see a wyvern and 3 killer bees.

Vanquished Creatures
  Grinder (D:5)
  Prince Ribbit (D:5)
  A wyvern (D:9)
  Eustachio (D:5)
  Menkaure (D:7)
  3 water moccasins
  Pargi (D:4)
  3 orc warriors (D:7)
  3 ice beasts
  2 sky beasts
  2 ogres (D:4)
  A centaur (D:5)
  3 kobold brigands
  A bullfrog (D:6)
  A gnoll sergeant (D:6)
  2 necrophages
  4 scorpions
  3 wights (D:8)
  11 killer bees
  2 howler monkeys
  6 jellies
  A hound (D:5)
  8 orc priests
  2 iguanas
  Ijyb (D:3)
  6 orc wizards
  5 gnolls (D:6)
  7 adders
  A river rat (D:3)
  An ufetubus (D:5)
  4 worms
  2 dart slugs
  35 orcs
  8 endoplasms
  6 giant cockroaches
  10 goblins
  8 hobgoblins
  9 jackals
  4 quokkas
  8 ball pythons
  6 bats
  3 frilled lizards
  30 kobolds
  9 rats
227 creatures vanquished.

Notes
Turn   | Place    | Note
-------+----------+-------------------------------------------
     0 | D:1      | MisterFreud the Felid Berserker began the quest for the
                  | Orb.
     0 | D:1      | Reached XP level 1. HP: 10/10 MP: 2/2
   125 | D:1      | Reached skill level 1 in Stealth
   314 | D:1      | Reached XP level 2. HP: 11/14 MP: 3/3
  1351 | D:2      | Reached XP level 3. HP: 17/17 MP: 4/4
  1944 | D:2      | Reached ** piety under Trog
  2063 | D:2      | Reached XP level 4. HP: 21/21 MP: 5/5
  2346 | D:3      | Slain by a river rat
  2347 | D:3      | Reached XP level 3. HP: -1/17 MP: 4/4
  2525 | D:3      | Found a glowing drain.
  2529 | Sewer    | Entered a sewer
  2933 | Sewer    | Reached XP level 4. HP: 21/21 MP: 5/5
  3117 | Sewer    | Noticed a kobold brigand
  3134 | Sewer    | Killed a kobold brigand
  3135 | Sewer    | Reached skill level 5 in Stealth
  3135 | Sewer    | Reached XP level 5. HP: 21/24 MP: 6/6
  3407 | D:3      | Noticed Ijyb
  3472 | D:3      | Killed Ijyb
  3473 | D:3      | Reached skill level 5 in Unarmed Combat
  3580 | D:3      | Reached *** piety under Trog
  3582 | D:3      | Found a glowing silver altar of Zin.
  3586 | D:3      | Found a sparkling altar of Nemelex Xobeh.
  3588 | D:3      | Found a radiant altar of Vehumet.
  3685 | D:3      | Found a faded altar of an unknown god.
  3970 | D:4      | Noticed an ogre
  3977 | D:4      | Killed an ogre
  3978 | D:4      | Gained mutation: You are covered in thick fur. (AC +2)
                  | [Felid growth]
  3978 | D:4      | Reached XP level 6. HP: 28/28 MP: 7/7
  4127 | D:4      | Noticed Pargi
  4136 | D:4      | Killed Pargi
  4141 | D:4      | Reached skill level 5 in Dodging
  4203 | D:4      | Reached skill level 6 in Dodging
  4203 | D:4      | Reached XP level 7. HP: 31/31 MP: 8/8
  4591 | D:4      | Found a sacrificial altar of Ru.
  4601 | D:4      | Reached skill level 7 in Dodging
  4667 | D:5      | Entered Level 5 of the Dungeon
  4671 | D:5      | Noticed Prince Ribbit
  4691 | D:5      | Killed Prince Ribbit
  4692 | D:5      | Reached skill level 8 in Dodging
  4936 | D:5      | Found a staircase to the Ecumenical Temple.
  4951 | D:5      | Reached skill level 9 in Dodging
  4961 | D:5      | Reached XP level 8. HP: 34/34 MP: 9/9
  5268 | D:5      | Reached skill level 10 in Dodging
  5663 | D:5      | Noticed Grinder
  5679 | D:5      | Killed Grinder
  5721 | D:5      | Reached skill level 5 in Fighting
  5876 | D:5      | Noticed Eustachio
  5900 | D:5      | Killed Eustachio
  5901 | D:5      | Reached skill level 1 in Evocations
  6693 | D:6      | Found an opulent altar of Gozag.
  7267 | D:6      | Reached **** piety under Trog
  7504 | D:6      | Reached XP level 9. HP: 34/41 MP: 10/10
  7586 | D:6      | Reached skill level 5 in Evocations
  8500 | D:7      | Found a transporter.
  8501 | D:7      | Found an iron altar of Okawaru.
  8530 | D:7      | Noticed Menkaure
  8539 | D:7      | Killed Menkaure
  9149 | D:7      | Reached skill level 11 in Dodging
  9193 | D:7      | Found a transporter.
  9586 | D:8      | Killed from afar by an orc priest
  9587 | D:8      | Reached XP level 8. HP: -5/38 MP: 9/9
  9629 | D:8      | Reached XP level 9. HP: 33/41 MP: 10/10
 10893 | D:9      | Slain by a killer bee

Illustrated notes

Levels and vault maps discovered:
D:1:      matt_arrival_diagonals, layout_loops_ring
D:2:      layout_basic
D:3:      layout_rooms, chequers_temple_overflow_statue_of_worship,
          shapermc_ecumenical_altar_mp_highgroup, gup_sewer_entry_bowl,
          serial_bayou_pond_e, uniq_ijyb
D:4:      layout_cave_pools, nicolae_ru_great_annihilating_truth,
          dreamdust_princess_corridor, uniq_pargi
D:5:      nicolae_cairo_tiling_very_big, layout_cave_pods,
          minmay_temple_entry_sparse_star, uniq_eustachio, uniq_grinder,
          uniq_prince_ribbit1
D:6:      layout_basic, nicolae_gozag_seed_capital
D:7:      gammafunk_cloud_chamber, layout_rooms, lemuel_crystal_altar,
          kennysheep_donut, uniq_menkaure
D:8:      layout_loops_corners
D:9:      layout_stronghold

Skill      XL: |  1  2  3  4  5  6  7  8  9 |
---------------+----------------------------+-----
Stealth        | 1 2 4 5 6 9 |  9.5
Unarmed Combat | 4 5 6 8 |  8.0
Dodging        | 6 9 10 11 | 11.9
Fighting       | 6 |  6.0
Evocations     | 4 5 |  5.0

Action                   |  1- 3 |  4- 6 |  7- 9 || total
-------------------------+-------+-------+-------++-------
Melee: Unarmed           |   126 |   112 |   429 ||   667
       Bite              |    11 |    10 |    50 ||    71
       Punch             |     6 |     4 |    10 ||    20
Invok: Berserk           |     2 |     4 |    12 ||    18
       Trog's Hand       |     1 |       |     4 ||     5
  Use: Scroll            |     8 |     4 |     8 ||    20
 Stab: Sleeping          |     9 |    13 |    19 ||    41
       Distracted        |     1 |     1 |     1 ||     3
       Held in net/web   |       |     1 |       ||     1
       Invisible         |       |       |     1 ||     1
       Paralysed         |       |       |     1 ||     1
Armor: Skin              |     8 |     5 |    19 ||    32
Dodge: Dodged            |   108 |    69 |   452 ||   629
